 Dungeon Crawl Stone Soup version 0.28-a0-779-g3d1f99b579 (webtiles) character file.

Game seed: 11995502312507754488

742 kae the Chopper (level 7, -1/62 HPs)
             Began as a Hill Orc Cinder Acolyte on Nov 2, 2021.
             Was a High Priest of Ignis.
             Slain by an ogre (28 damage)
             ... on level 5 of the Dungeon.
             The game lasted 00:03:58 (6165 turns).

kae the Chopper (Hill Orc Cinder Acolyte)           Turns: 6165, Time: 00:03:58

Health: -1/62      AC:  7    Str: 19    XL:     7   Next: 76%
Magic:  5/11       EV: 10    Int: 14    God:    Ignis [*****.]
Gold:   186        SH:  5    Dex:  6    Spells: 9/11 levels left

rFire   + . .      SeeInvis .   k - +2 battleaxe (vorpal)
rCold   + . .      Faith    .   (shield currently unavailable)
rNeg    . . .      Spirit   .   j - +0 ring mail
rPois   .          Reflect  +   i - +1 helmet
rElec   .          Harm     .   (no cloak)
rCorr   .          Rampage  .   (no gloves)
Will    .....                   (no boots)
Stlth   ..........              n - amulet of reflection
HPRegen 0.20/turn               l - ring of flight
MPRegen 0.12/turn               m - ring of protection from cold

@: flying
A: no striking features
a: Renounce Religion, Sea of Fire, Foxfire Swarm, Rising Flame


You were on level 5 of the Dungeon.
You worshipped Ignis.
Ignis was extremely pleased with you.
You visited 1 branch of the dungeon, and saw 5 of its levels.

You collected 186 gold pieces.

Inventory:

Hand Weapons
 a - a -1 hand axe of flaming
 k - a +2 vorpal battleaxe (weapon)
Armour
 b - a +0 robe
 i - a +1 helmet (worn)
 j - a +0 ring mail (worn)
Jewellery
 l - a ring of flight (left hand)
 m - a ring of protection from cold (right hand)
 n - an amulet of reflection (around neck)
Scrolls
 d - a scroll of enchant armour
 o - a scroll of blinking {unknown}
 p - a scroll of fear {unknown}
Potions
 c - 6 potions of curing
 e - 3 potions of cancellation {unknown}
 f - a potion of attraction {unknown}
 g - a potion of lignification {unknown}
 h - a potion of degeneration {unknown}


   Skills:
 + Level 5.6 Fighting
 * Level 7.9 Axes
 + Level 2.8 Spellcasting
 + Level 5.2 Fire Magic


You had 9 spell levels left.
You knew the following spells:

 Your Spells              Type           Power      Damage    Failure   Level
a - Scorch                Fire           32%        2d6       7%          2

Your spell library contained the following spells:

 Spells                   Type           Power      Damage    Failure   Level
 Animate Skeleton         Necr           4%         N/A       36%         1
 Apportation              Tloc           4%         N/A       36%         1
 Slow                     Hex            8%         N/A       36%         1
 Summon Small Mammal      Summ           8%         N/A       36%         1
 Confusing Touch          Hex            2%         N/A       75%         3
 Vampiric Draining        Necr           2%         2d6       75%         3


Dungeon Overview and Level Annotations

Branches:
Dungeon (5/15)
 Temple: D:4-7

Altars:
Hepliaklqana

Portals:
Abyss: D:4

Annotations:
D:4 2 transporters


Message History

p - a scroll labelled JIASOW SIFOQETZ
Found a glowing scale mail.
Found a leather armour.
You now have 171 gold pieces (gained 8).
You see here a +0 scale mail of fire resistance.
You now have 186 gold pieces (gained 15).
An ogre comes into view. It is wielding a +0 giant spiked club.
An ogre is nearby!
An ogre is nearby!
An ogre is nearby!
Casting: Scorch (safe; 7% risk of failure)
Confirm with . or Enter, or press ? or * to list all spells.
You can't see any susceptible monsters within range! (Use Z to cast anyway.)
Casting: Scorch (safe; 7% risk of failure)
Confirm with . or Enter, or press ? or * to list all spells.
You can't see any susceptible monsters within range! (Use Z to cast anyway.)
Casting: Scorch (safe; 7% risk of failure)
Confirm with . or Enter, or press ? or * to list all spells.
You can't see any susceptible monsters within range! (Use Z to cast anyway.)
Casting: Scorch (safe; 7% risk of failure)
Confirm with . or Enter, or press ? or * to list all spells.
Flames lash the ogre.
The ogre is lightly wounded.
The ogre's fire resistance burns away.
Casting: Scorch (safe; 7% risk of failure)
Confirm with . or Enter, or press ? or * to list all spells.
Flames lash the ogre.
The ogre is burned terribly!
The ogre is severely wounded.
You hear a bark!
The ogre hits you with a +0 giant spiked club!!
The ogre is no longer more vulnerable to fire.
The ogre hits you with a +0 giant spiked club!
Casting: Scorch (safe; 7% risk of failure)
Confirm with . or Enter, or press ? or * to list all spells.
Flames lash the ogre.
The ogre is severely wounded.
The ogre's fire resistance burns away.
The ogre hits you with a +0 giant spiked club.
The ogre hits you with a +0 giant spiked club!!
You die...

######### #........
#######........
......+........
......#........
#.O@.......
###########.###...##
# #......^.....# .#
# # #............#
#.# #............# .
#.......[....## .#
#.............# .#
#...........#.# .#
#...[.......#.#


You could see an ogre (combustible).

Vanquished Creatures
  Edmund (D:5)
  A black bear (D:4)
  A hornet zombie (D:5)
  An ice beast (D:5)
  A hound (D:4)
  A jelly (D:5)
  A bullfrog skeleton (D:5)
  A centaur skeleton (D:5)
  3 hound skeletons
  12 adders
  A worm (D:4)
  A dart slug (D:1)
  10 orcs (D:3)
  7 ball pythons
  5 bats
  8 endoplasms
  A giant cockroach (D:1)
  4 goblins
  10 hobgoblins
  3 jackals (D:1)
  6 kobolds
  3 quokkas (D:1)
  7 frilled lizards
  4 rats
93 creatures vanquished.

Vanquished Creatures (others)
  A plant (D:3)
1 creature vanquished.

Grand Total: 94 creatures vanquished

Notes
Turn   | Place    | Note
-------+----------+-------------------------------------------
     0 | D:1      | kae the Hill Orc Cinder Acolyte began the quest for the
                  | Orb.
     0 | D:1      | Reached XP level 1. HP: 19/19 MP: 2/2
   284 | D:1      | Reached XP level 2. HP: 25/27 MP: 3/3
   287 | D:1      | Learned a level 2 spell: Scorch
   325 | D:1      | Found a faded altar of an unknown god.
   856 | D:1      | Reached XP level 3. HP: 15/33 MP: 1/4
  2169 | D:2      | Reached skill level 5 in Axes
  2169 | D:2      | Reached XP level 4. HP: 39/40 MP: 3/6
  2509 | D:2      | Found Tuadam's Assorted Antiques.
  3363 | D:3      | Reached XP level 5. HP: 47/47 MP: 0/7
  4330 | D:3      | Reached skill level 6 in Axes
  4822 | D:4      | Reached XP level 6. HP: 44/53 MP: 2/9
  5100 | D:4      | Found a transporter.
  5105 | D:4      | Noticed a small abomination
  5142 | D:4      | Noticed a black bear
  5149 | D:4      | Killed a black bear
  5150 | D:4      | Reached skill level 5 in Fighting
  5203 | D:4      | Found a transporter.
  5350 | D:4      | Found a one-way gate to the infinite horrors of the Abyss.
  5462 | D:5      | Entered Level 5 of the Dungeon
  5465 | D:5      | Identified a scroll of acquirement
  5465 | D:5      | Acquired a +2 vorpal battleaxe
  5468 | D:5      | Found a hazy altar of Hepliaklqana.
  5468 | D:5      | Noticed Edmund
  5472 | D:5      | Noticed an ice beast
  5507 | D:5      | Reached skill level 7 in Axes
  5522 | D:5      | Reached XP level 7. HP: 61/61 MP: 10/10
  5707 | D:5      | Killed Edmund
  5708 | D:5      | Reached skill level 5 in Fire Magic
  6165 | D:5      | Slain by an ogre

Illustrated notes

Levels and vault maps discovered:
D:1:      dpeg_arrival_stone_temple_mockup, layout_basic,
          basic_ecumenical_altar, minmay_pentomino_w4
D:2:      layout_loops_corners, serial_shops, shop
D:3:      layout_loops_ring, saegor_snake_ambush
D:4:      layout_rooms, gammafunk_ghost_abyssal_escape
D:5:      layout_basic, mainiacjoe_overflow_concentric_impassable,
          dancing_weapons_uskayaw, uniq_edmund

Skill      XL: |  1  2  3  4  5  6  7 |
---------------+----------------------+-----
Fighting       | 4 5 |  5.6
Axes           | 5 6 7 |  7.9
Fire Magic     | 4 5 |  5.2
Spellcasting   | 2 |  2.8

Action                   |  1- 3 |  4- 6 |  7- 9 || total
-------------------------+-------+-------+-------++-------
Melee: Hand axe          |    92 |   118 |       ||   210
       Battleaxe         |       |     9 |    12 ||    21
 Cast: Scorch            |    12 |    49 |    13 ||    74
  Use: Scroll            |       |     8 |       ||     8
Armor: Robe              |    12 |       |       ||    12
       Ring mail         |     5 |    51 |     8 ||    64
Dodge: Dodged            |    61 |    80 |     4 ||   145
Block: Other             |       |    32 |     6 ||    38

Table legend: (Time is in decaauts)
 A = Elapsed time spent in this place.
 B = Non-inter-level travel time spent in this place.
 C = Inter-level travel time spent in this place.
 D = Time resting spent in this place.
 E = Time spent auto-exploring this place.
 F = Levels seen in this place.
 G = Mean time per level.
                   A        B        C        D        E       F      G
               +--------+--------+--------+--------+--------+-----+--------+
         Total |   6179 |   6039 |    140 |    630 |   4614 |   5 | 1235.8 |
       Dungeon |   6179 |   6039 |    140 |    630 |   4614 |   5 | 1235.8 |
               +--------+--------+--------+--------+--------+-----+--------+

Top non-repeatable levels by time:
     D:1: 2083 daAuts
     D:3: 1480 daAuts
     D:2: 1133 daAuts
     D:4: 773 daAuts
     D:5: 708 daAuts
